 Dungeon Crawl Stone Soup version 0.27.1-1-g398f81649c (webtiles) character file.

Game seed: 17173221637813873647

543 nxtlvl the Covered (level 7, 0/46 HPs)
             Began as a Formicid Fire Elementalist on Sept 9, 2021.
             Killed by divine providence
             ... invoked by an orc priest
              (11 damage)
             ... on level 8 of the Dungeon.
             The game lasted 00:14:47 (1308 turns).

nxtlvl the Covered (Formicid Fire Elementalist)     Turns: 1308, Time: 00:14:48

Health: 0/46       AC: 27    Str: 13    XL:     7   Next: 52%
Magic:  10/10      EV:  4    Int: 14    God:
Gold:   52         SH:  0    Dex: 14    Spells: 9/10 levels left

rFire    . . .     SeeInvis +   a - +0 mace (vorpal)
rCold    + + .     Faith    .   (no shield)
rNeg     . . .     Spirit   .   m - +13 plate armour of Vexation {rC++ Dex+3}
rPois    .         Reflect  .   (helmet unavailable)
rElec    .         Harm     .   (no cloak)
rCorr    .         Rampage  .   n - +0 pair of gloves
Will     .....                  i - +0 pair of boots
Stlth    ..........             (no amulet)
HPRegen  0.15/turn              (no ring)
MPRegen  0.12/turn              (no ring)

@: no status effects
A: permanent stasis, dig shafts and tunnels, antennae 3, four strong arms, dopey
1, wild magic 1
a: Dig, Shaft Self


You were on level 8 of the Dungeon.
You visited 1 branch of the dungeon, and saw 7 of its levels.

You collected 185 gold pieces.
You spent 133 gold pieces at shops.

Inventory:

Hand Weapons
 a - a +0 vorpal mace (weapon)
 k - a +0 long sword
 o - a +0 dagger
 t - a +0 club
Missiles
 e - a curare-tipped dart
 j - 16 poisoned darts (quivered)
Armour
 d - a +0 leather armour
 i - a +0 pair of boots (worn)
 m - the +13 plate armour of Vexation (worn) {rC++ Dex+3}
   (You found it on level 4 of the Dungeon)

   Dex:       It affects your dexterity (+3).
   rC:        It greatly protects you from cold.
 n - a +0 pair of gloves (worn)
 u - a +2 robe of resistance
Scrolls
 g - 2 scrolls of teleportation
 p - a scroll of vulnerability
 r - a scroll of amnesia
Potions
 q - a potion of berserk rage


   Skills:
 * Level 3.2 Maces & Flails
 + Level 5.3 Armour
 - Level 1.7 Dodging
 - Level 2.4 Stealth
 - Level 2.1 Spellcasting
 - Level 2.7 Conjurations
 - Level 4.2 Fire Magic


You had 9 spell levels left.
You knew the following spells:

 Your Spells              Type           Power      Damage    Failure   Level
z - Foxfire               Conj/Fire      56%        2x1d6     100%        1

Your spell library contained the following spells:

 Spells                   Type           Power      Damage    Failure   Level
 Conjure Flame            Conj/Fire      14%        6-21      100%        3
 Inner Flame              Hex/Fire       9%         N/A       100%        3
 Sticky Flame             Conj/Fire      14%        2d4       100%        4
 Fireball                 Conj/Fire      7%         3d5       100%        5


Dungeon Overview and Level Annotations

Branches:
Dungeon (6/15)             Temple (0/1) D:5

Altars:
Ashenzari
Hepliaklqana
Kikubaaqudgha
Vehumet

Shops:
D:5 *   D:6 **

Annotations:
D:6 Dowan, Duvessa


Innate Abilities, Weirdness & Mutations

You cannot be hasted, slowed, berserked, paralysed or teleported.
You can dig through walls and to a lower floor.
You have a pair of large antennae on your head. (SInv)
Your four strong arms can wield two-handed weapons with a shield.
You are dopey. (Int -2)
Your spells are a little harder to cast, but a little more powerful.


Message History

You fall into a shaft and drop 3 floors!
The shaft crumbles and collapses.
You sense a monster nearby.
Found a stone staircase leading down.
Found a broken altar of Ashenzari.
An orc priest comes into view. It is wielding a +0 morningstar.
Found a hat.
The orc priest shouts!
You hear a shout!
An orc wizard comes into view. It is wielding a +0 dagger.
A bullfrog comes into view.
The bullfrog croaks.
You hear a croak.
A bullfrog comes into view.
A bullfrog comes into view.
Throw: 2 darts (curare)
Press: ? - help, Q - select action, (/) - cycle Shift-Dir - straight line, f - bullfrog
Aim: a bullfrog (50% to hit)
You throw a curare-tipped dart.
The curare-tipped dart barely misses the bullfrog.
The bullfrog hits you.
* * * LOW HITPOINT WARNING * * *
You sock the bullfrog!
The bullfrog is heavily wounded.
The bullfrog hits you but does no damage.
The bullfrog hits you.
* * * LOW HITPOINT WARNING * * *
You hit the bullfrog.
The bullfrog is severely wounded.
The bullfrog hits you but does no damage. x2
You hit the bullfrog.
The bullfrog is almost dead.
The bullfrog hits you but does no damage.
The bullfrog releases a deep croak.
The bullfrog hits you but does no damage.
You hit the bullfrog.
You kill the bullfrog!
Your Maces & Flails skill increases to level 3!
You see here a bullfrog corpse.
The orc priest calls down the wrath of Beogh upon you.
Beogh smites you!
You die...

o[.§
###########..
._.≈
#.†.@...(....
..o§≈
#####o.......
§≈§.≈
#.##....F
.§§. #.# ##.#
§.# #.#
######.####.#
..........#.#
...>####.#..#
# ..###.#


You could see an orc priest.

Vanquished Creatures
  A sky beast (D:5)
  A centaur (D:6)
  Blork the orc (D:6)
  2 bullfrogs
  A centaur zombie (D:6)
  A hound (D:4)
  An iguana (D:6)
  4 adders
  3 dart slugs (D:1)
  3 ball pythons
  4 bats
  5 endoplasms
  2 giant cockroaches
  5 goblins
  6 hobgoblins
  4 jackals
  A quokka (D:2)
  A frilled lizard (D:1)
  3 kobolds
  6 rats
55 creatures vanquished.

Vanquished Creatures (others)
  99 foxfires
  16 plants (D:5)
115 creatures vanquished.

Grand Total: 170 creatures vanquished

Notes
Turn   | Place    | Note
-------+----------+-------------------------------------------
     0 | D:1      | nxtlvl the Formicid Fire Elementalist began the quest for
                  | the Orb.
     0 | D:1      | Reached XP level 1. HP: 13/13 MP: 3/3
    72 | D:1      | Reached skill level 1 in Conjurations
   128 | D:1      | Reached XP level 2. HP: 14/19 MP: 0/5
   316 | D:1      | Found a faded altar of an unknown god.
   358 | D:1      | Reached XP level 3. HP: 24/24 MP: 1/6
   705 | D:2      | Reached XP level 4. HP: 30/30 MP: 4/7
   775 | D:4      | Identified the +0 scale mail of a wizard's laboratory {Fly
                  | rC+}
   782 | D:4      | Identified the +13 plate armour of Vexation {rC++ Dex+3}
   850 | D:4      | Found a faded altar of an unknown god.
   850 | D:4      | Found a faded altar of an unknown god.
   852 | D:4      | Found a hazy altar of Hepliaklqana.
   870 | D:4      | Noticed an ogre
   875 | D:4      | You fall into a shaft and drop 2 floors!
   922 | D:6      | Noticed a centaur
   946 | D:6      | Killed a centaur
   947 | D:6      | Reached skill level 3 in Armour
   947 | D:6      | Reached XP level 5. HP: 21/35 MP: 8/8
   955 | D:5      | Entered Level 5 of the Dungeon
   955 | D:5      | Found a radiant altar of Vehumet.
   995 | D:5      | Found an ancient bone altar of Kikubaaqudgha.
  1031 | D:5      | Reached XP level 6. HP: 18/41 MP: 9/9
  1093 | D:6      | Found Esaq's General Store.
  1097 | D:6      | Found Nuaneaja's Specific Store.
  1105 | D:6      | Noticed Blork the orc
  1110 | D:6      | Bought 4 curare-tipped darts for 36 gold pieces
  1110 | D:6      | Bought a +0 vorpal mace for 97 gold pieces
  1124 | D:6      | Killed Blork the orc
  1125 | D:6      | Reached skill level 4 in Armour
  1158 | D:6      | Reached skill level 1 in Maces & Flails
  1161 | D:6      | HP: 2/41 [centaur zombie (1)]
  1164 | D:6      | Gained mutation: You are dopey. (Int -2) [potion of
                  | mutation]
  1164 | D:6      | Gained mutation: Your spells are a little harder to cast,
                  | but a little more powerful. [potion of mutation]
  1167 | D:6      | HP: 2/41 [centaur zombie (1)]
  1171 | D:6      | Reached XP level 7. HP: 2/46 MP: 10/10
  1216 | D:5      | Found Votapsit's General Store.
  1224 | D:6      | Noticed Duvessa
  1224 | D:6      | Noticed Dowan
  1252 | D:5      | Reached skill level 5 in Armour
  1272 | D:5      | Found a staircase to the Ecumenical Temple.
  1275 | D:5      | You fall into a shaft and drop 3 floors!
  1286 | D:8      | Found a broken altar of Ashenzari.
  1308 | D:8      | Killed from afar by an orc priest

Illustrated notes

Levels and vault maps discovered:
D:1:      sevenhm_arrival_forest_fort_large_3, layout_basic,
          shapermc_ecumenical_altar_mp_highgroup
D:2:      layout_rooms
D:3:      layout_loops_ring, nicolae_ru_the_path_less_chosen
D:4:      layout_basic, nicolae_hepliaklqana_ecumenical_no_more, bloody_makhleb,
          minmay_close_crescents
D:5:      wander_guarded_unrand_ratskin, layout_gridville,
          mainiacjoe_overflow_surrounded_room, lemuel_doored_altar,
          mainiacjoe_overflow_large_starburst, minmay_temple_entry_wispy,
          serial_shops, nicolae_shop_crystal, gup_ossuary_entry_pyramid,
          serial_bayou, serial_bayou_pond_b, serial_bayou_pond_d,
          serial_bayou_shore_a, serial_bayou_lagoon_a, serial_bayou_shore_b,
          uniq_ijyb
D:6:      layout_basic, mainiacjoe_overflow_boulevard, portal_sewer_entry_d,
          grunt_decor_mini_mirrors, corexii_hall_statues_x,
          nicolae_specific_store, lightli_corner_chamber, uniq_duvessa,
          uniq_blork_the_orc
D:8:      layout_loops_ring, mainiacjoe_overflow_paths,
          nicolae_dithmenos_shadow_blocks, ebering_ghost_funeral_grove,
          st_stairs_2, uniq_grum, uniq_maggie

Skill      XL: |  1  2  3  4  5  6  7 |
---------------+----------------------+-----
Conjurations   | 1 2 |  2.7
Fire Magic     | 4 |  4.2
Armour         | 3 4 5 |  5.3
Maces & Flails | 1 3 |  3.2
Dodging        | |  1.7
Stealth        | |  2.4
Spellcasting   | |  2.1

Action                   |  1- 3 |  4- 6 |  7- 9 || total
-------------------------+-------+-------+-------++-------
Melee: Dagger            |     9 |     1 |       ||    10
       Club              |       |    62 |       ||    62
       Mace              |       |    28 |    29 ||    57
Throw: Dart              |       |     7 |     3 ||    10
 Cast: Foxfire           |    52 |    15 |       ||    67
 Abil: Dig               |     2 |       |       ||     2
       Shaft Self        |       |     1 |       ||     1
  Use: Potion            |       |     7 |       ||     7
       Scroll            |       |     3 |       ||     3
 Stab: Invisible         |       |     1 |       ||     1
Armor: Robe              |     1 |       |       ||     1
       Leather armour    |     6 |       |       ||     6
       Plate armour      |       |   177 |    30 ||   207
Dodge: Dodged            |    23 |    37 |     3 ||    63
